 Dungeon Crawl Stone Soup version 0.19.3-4-gbf9329e (webtiles) character file.

65 Megalobster the Conjurer (level 3, -1/20 HPs)
             Began as a Deep Elf Conjurer on Jan 30, 2017.
             Slain by a river rat (9 damage)
             ... on level 3 of the Dungeon.
             The game lasted 00:06:08 (2201 turns).

Megalobster the Conjurer (Deep Elf Conjurer)        Turns: 2201, Time: 00:06:08

Health: -1/20      AC:  2    Str:  5    XL:     3   Next: 92%
Magic:  6/10       EV: 13    Int: 23    God:
Gold:   106        SH:  0    Dex: 15    Spells: 2 memorised, 6 levels left

rFire  . . .     SeeInvis .     d - +0 dagger
rCold  . . .     Gourm    .     a - +0 robe
rNeg   . . .     Faith    .     (no shield)
rPois  .         Spirit   .     (no helmet)
rElec  .         Reflect  .     (no cloak)
rCorr  .         Harm     .     (no gloves)
MR     +....                    (no boots)
Stlth  +.........               (no amulet)
                                x - ring of protection from magic
                                l - +3 ring of intelligence

@: no status effects
A: no striking features
a: no special abilities


You were on level 3 of the Dungeon.
You were not hungry.

You visited 1 branch of the dungeon, and saw 3 of its levels.

You collected 106 gold pieces.

Inventory:

Hand Weapons
 d - a +0 dagger (weapon)
 v - a +0 hunting sling
Missiles
 w - 16 stones (quivered)
Armour
 a - a +0 robe (worn)
 q - a +0 robe
Jewellery
 l - a +3 ring of intelligence (left hand)
 x - a ring of protection from magic (right hand)
Scrolls
 e - 3 scrolls of teleportation {unknown}
 h - a scroll of enchant armour {unknown}
 i - a scroll of remove curse {unknown}
 j - 3 scrolls of identify {unknown}
 k - a scroll of fog {unknown}
 o - a scroll of random uselessness {unknown}
 y - a scroll of noise {unknown}
Potions
 f - 2 potions of brilliance {unknown}
 p - a potion of mutation {unknown}
 r - 2 potions of cure mutation {unknown}
 s - a potion of lignification {unknown}
 t - a potion of might {unknown}
 u - a potion of curing {unknown}
 z - a potion of magic {unknown}
Books
 b - a book of Conjurations

   Spells                             Type                      Level
   a - Magic Dart                     Conjuration                  1
   b - Searing Ray                    Conjuration                  2
   c - Dazzling Spray                 Conjuration/Hexes            3
   d - Fulminant Prism                Conjuration/Hexes            4
   e - Iskenderun's Mystic Blast      Conjuration                  4
   f - Iskenderun's Battlesphere      Conjuration/Charms           5
Comestibles
 c - a bread ration
 g - 2 chunks of flesh
 m - a slice of pizza
 n - 2 meat rations


   Skills:
 + Level 0.8 Fighting
 - Level 2.4 Dodging
 - Level 2.4 Stealth
 + Level 3.9 Spellcasting
 * Level 5.4 Conjurations


You had 6 spell levels left.
You knew the following spells:

 Your Spells              Type           Power        Failure   Level  Hunger
a - Magic Dart            Conj           ####         1%          1    None
b - Searing Ray           Conj           ####..       1%          2    #......


Dungeon Overview and Level Annotations

Branches:
Dungeon (3/15)

Altars:


Message History

You see here a giant cockroach corpse.
You butcher the giant cockroach corpse.
You hear the slow rusting of a drain.
g - 4 chunks of flesh (gained 1) Some of the chunks of flesh in your inventory have rotted away.
A river rat comes into view.
Casting: Magic Dart
Confirm with . or Enter, or press ? or * to list all spells.
Aiming: Searing Ray
Press: ? - help, Shift-Dir - straight line, f - river rat
Aim: a river rat The searing ray hits the river rat.
The river rat is lightly wounded. (Press . to maintain the ray.)
The river rat bites you!
The searing ray misses the river rat.
The river rat bites you.
The searing ray hits the river rat.
The river rat is severely wounded.
The river rat bites you!
You die...

#...>....#...
#.##...#...#
#...........
#........#
#<.......#
#.##...###
#.##...#
#.###.#######
..##≈##≈≈≈r@##
####.#≈#####≈#
#≈# #≈# #≈#
#.# #≈# #≈#
#≈# #≈# #≈#
#≈#
#≈#######≈#
##≈≈≈≈≈≈≈##


You could see a river rat.

Vanquished Creatures
  2 adders (D:2)
  A worm (D:2)
  3 leopard geckos
  6 giant cockroaches
  6 goblins
  5 hobgoblins
  3 kobolds
  2 ball pythons
  4 bats
  5 frilled lizards (D:2)
  3 rats
40 creatures vanquished.

Notes
Turn   | Place    | Note
-------+----------+-------------------------------------------
     0 | D:1      | Megalobster the Deep Elf Conjurer began the quest for the Orb.
     0 | D:1      | Reached XP level 1. HP: 10/10 MP: 6/6
   469 | D:1      | Reached XP level 2. HP: 15/15 MP: 1/8
   473 | D:1      | Learned a level 2 spell: Searing Ray
  1423 | D:2      | Reached skill level 5 in Conjurations
  1430 | D:2      | Reached XP level 3. HP: 16/19 MP: 5/10
  2201 | D:3      | Slain by a river rat

Skill      XL: |  1  2 |
---------------+-------+-----
Conjurations   | 5 |  5.4
Fighting       | |  0.8
Dodging        | |  2.4
Stealth        | |  2.4
Spellcasting   | |  3.9

Action                   || total
-------------------------++-------
Melee: Dagger            ||    13
 Cast: Magic Dart        ||    67
       Searing Ray       ||     7
  Eat: Chunk             ||     4
Armor: Robe              ||     4
Dodge: Dodged            ||    16
